 Dungeon Crawl Stone Soup version 0.28.0 (webtiles) character file.

Game seed: 18331811460368458232

473 ZeeToo the Slasher (level 7, -2/36 HPs)
             Began as a Vine Stalker Cinder Acolyte on Feb 11, 2022.
             Was a High Priest of Ignis.
             Slain by Pikel (10 damage)
             ... on level 3 of the Dungeon.
             The game lasted 00:13:17 (3530 turns).

ZeeToo the Slasher (Vine Stalker Cinder Acolyte)    Turns: 3530, Time: 00:13:17

Health: -2/36      AC:  5    Str: 19    XL:     7   Next: 10%
Magic:  0/9        EV: 10    Int: 14    God:    Ignis [*****.]
Gold:   88         SH:  0    Dex:  9    Spells: 8/8 levels left

rFire   + . .      SeeInvis .   b - +0 long sword
rCold   . . .      Faith    .   (no shield)
rNeg    . . .      Spirit   +   k - +0 ring mail
rPois   .          Reflect  .   (no helmet)
rElec   .          Harm     .   (no cloak)
rCorr   .          Rampage  .   (no gloves)
Will    .....                   (no boots)
Stlth   ..........              (no amulet)
HPRegen 0.92/turn               (no ring)
MPRegen 0.11/turn               (no ring)

@: no status effects
A: fangs 2, regeneration 1, magic shield, antimagic bite, no potion heal 2
a: Renounce Religion, Fiery Armour, Foxfire Swarm, Rising Flame


You were on level 3 of the Dungeon.
You worshipped Ignis.
Ignis was extremely pleased with you.
You visited 1 branch of the dungeon, and saw 4 of its levels.

You collected 88 gold pieces.

Inventory:

Hand Weapons
 a - a -1 falchion of flaming
 b - a +0 long sword (weapon)
Missiles
 c - 83 stones (quivered)
 g - 13 poisoned darts
Armour
 k - a +0 ring mail (worn)
Jewellery
 o - a ring of fire
Scrolls
 e - 2 scrolls of identify {unknown}
 f - a scroll of noise {unknown}
 j - 2 scrolls of teleportation {unknown}
 n - a scroll of enchant armour {unknown}
Potions
 d - a potion of heal wounds {unknown}
 h - a potion of flight {unknown}
 i - a potion of brilliance {unknown}
 l - 3 potions of might
 m - a potion of ambrosia {unknown}


   Skills:
 + Level 3.2 Fighting
 * Level 5.9 Long Blades
 * Level 2.1 Throwing
 + Level 1.3 Armour
 + Level 1.2 Dodging
 - Level 1.1 Spellcasting
 - Level 3.0 Fire Magic


You had 8 spell levels left.
You didn't know any spells.
Your spell library contained the following spells:

 Spells                   Type           Power      Damage    Failure   Level
 Scorch                   Fire           18%        2d5       21%         2


Dungeon Overview and Level Annotations

Branches:
Dungeon (4/15)
 Temple: D:4-7

Altars:
Xom

Annotations:
D:3 Pikel


Innate Abilities, Weirdness & Mutations

You have extremely sharp teeth.
Your natural rate of healing is unusually fast.
When hurt, damage is shared between your health and your magic reserves.
Your bite disrupts and absorbs the magic of your enemies.
Potions cannot restore your health.


Message History

The lemure shouts!
A lemure comes into view. x2
The lemure shouts!
You barely miss the lemure.
You hear the slow rusting of a drain very nearby.
The lemure hits you but does no damage.
You closely miss the lemure. You punch the lemure, but do no damage.
The lemure hits you.
The hobgoblin hits you but does no damage.
There is a stone staircase leading up, spattered with blood here.
You slash the hobgoblin!
You kill the hobgoblin!
Pikel barely misses you.
You climb upwards.
There is a stone staircase leading down here.
You hit Pikel. Your bite misses Pikel.
Pikel is lightly wounded.
Pikel completely misses you. The lemure barely misses you.
You barely miss Pikel. You bite Pikel, but do no damage.
Pikel is lightly wounded.
Pikel barely misses you. The lemure hits you but does no damage.
You hit Pikel but do no damage.
Pikel is lightly wounded.
Pikel hits you with a +2 whip of electrocution.
The lemure closely misses you.
You slash Pikel!
Pikel is moderately wounded.
Pikel hits you with a +2 whip of electrocution.
The lemure hits you.
You closely miss Pikel.
Pikel is moderately wounded.
Pikel hits you with a +2 whip of electrocution!
You are electrocuted!!
* * * LOW HITPOINT WARNING * * *
The lemure hits you but does no damage.
Press: ? - help, v - describe, . - travel
Here: Pikel, wielding a +2 whip of electrocution and wearing a +0 robe (moderately wounded)
The floor, spattered with blood.
Pikel hits you with a +2 whip of electrocution!
You die...

#.# #.##### #.# ######.## ##'##
#.# #.......## ##...## #.#
#.##.....###.....## #.##
#.#......##.......## ##..#
###.#......#.........####...#####
...........'.........'...........
.####....###.<.......####...#####
.# ##..#.# ##.5K@...## ##...## .#
#...#.# ##.>...## ##...## .#
#...#.# ##...## #.....# .#
#...#.# ##+##########...##
.###.###.# #........# ##.##
.........# #..#####.# #.#
####.##### ##..# #.# #.#
#........# ##...#####.####.#
#.##.###.#####.....##........#


You could see Pikel and a lemure.

Vanquished Creatures
  Grinder (D:3)
  The ghost of Heh the Skirmisher, a weakling DsMo (D:3)
  An orc priest (D:3)
  An iguana (D:2)
  Terence (D:2)
  A scorpion simulacrum (D:3)
  7 adders
  4 worms
  2 dart slugs (D:2)
  4 bats
  7 endoplasms
  3 giant cockroaches
  4 hobgoblins
  3 jackals (D:2)
  6 kobolds
  4 quokkas
  7 ball pythons
  A ball python simulacrum (D:3)
  4 frilled lizards
  2 giant cockroach simulacra (D:3)
  6 goblins
  A rat (D:2)
71 creatures vanquished.

Vanquished Creatures (others)
  12 foxfires (D:3)
12 creatures vanquished.

Grand Total: 83 creatures vanquished

Notes
Turn   | Place    | Note
-------+----------+-------------------------------------------
     0 | D:1      | ZeeToo the Vine Stalker Cinder Acolyte began the quest for
                  | the Orb.
     0 | D:1      | Reached XP level 1. HP: 11/11 MP: 3/3
   224 | D:1      | Found a faded altar of an unknown god.
   550 | D:1      | Reached skill level 3 in Long Blades
   731 | D:1      | Reached XP level 2. HP: 11/16 MP: 4/4
  1618 | D:2      | Reached XP level 3. HP: 19/19 MP: 5/5
  1622 | D:2      | Reached skill level 4 in Long Blades
  1625 | D:2      | Gained mutation: Your natural rate of healing is unusually
                  | fast. [Vine Stalker growth]
  1625 | D:2      | Reached XP level 4. HP: 11/23 MP: 3/6
  1707 | D:2      | Found a shimmering altar of Xom.
  1878 | D:2      | Reached skill level 5 in Long Blades
  1940 | D:2      | Reached XP level 5. HP: 25/27 MP: 5/7
  2115 | D:2      | Noticed Terence
  2240 | D:2      | Killed Terence
  2900 | D:3      | Noticed Grinder
  2903 | D:3      | Killed Grinder
  2904 | D:3      | Reached skill level 1 in Throwing
  2904 | D:3      | Reached skill level 1 in Armour
  2904 | D:3      | Reached skill level 1 in Dodging
  2904 | D:3      | Reached XP level 6. HP: 26/32 MP: 6/8
  2968 | D:3      | Found a runed translucent gate.
  2968 | D:3      | Found a runed translucent gate.
  3036 | D:3      | Found a runed translucent gate.
  3064 | D:3      | Noticed Heh's ghost (weakling DsMo)
  3347 | D:3      | Killed Heh's ghost
  3421 | D:3      | Reached XP level 7. HP: 36/36 MP: 9/9
  3511 | D:4      | Noticed Pikel
  3530 | D:3      | Slain by Pikel

Illustrated notes

Levels and vault maps discovered:
D:1:      dpeg_arrival_circle_labyrinth_c, layout_loops_ring,
          nicolae_ecumenical_snake_handling, minmay_misc_feat_chi
D:2:      layout_basic, basic_altar, nrook_loot_triangle,
          minmay_split_cup_small, uniq_terence
D:3:      layout_loops_corners, gammafunk_ghost_icy, uniq_grinder
D:4:      layout_cave_pools, mainiacjoe_overflow_alcove_2, led_xom_imps,
          mainiacjoe_overflow_large_starburst, portal_sewer_entry_f,
          minmay_ruined_shrine, uniq_pikel, uniq_eustachio

Skill      XL: |  1  2  3  4  5  6 |
---------------+-------------------+-----
Long Blades    | 3 4 5 |  5.9
Fighting       | 3 |  3.2
Throwing       | 1 2 |  2.1
Armour         | 1 |  1.3
Dodging        | 1 |  1.2
Spellcasting   | |  1.1
Fire Magic     | |  3.0

Action                   |  1- 3 |  4- 6 |  7- 9 || total
-------------------------+-------+-------+-------++-------
Melee: Falchion          |    60 |    50 |       ||   110
       Bite              |     9 |    39 |     3 ||    51
       Punch             |     1 |     3 |     1 ||     5
       Long sword        |       |   107 |    20 ||   127
Throw: Stone             |     2 |     1 |       ||     3
Invok: Fiery Armour      |     1 |       |       ||     1
       Foxfire Swarm     |       |     1 |       ||     1
Armor: Robe              |    13 |     2 |       ||    15
       Leather armour    |       |    13 |       ||    13
       Ring mail         |       |    18 |     8 ||    26
Dodge: Dodged            |    44 |    77 |    10 ||   131
